 Dungeon Crawl Stone Soup version 0.24-a0-201-gf205589 (console) character file.

Game seed: 16097101741731439255

510 Voker57 the Slasher (level 6, -4/48 HPs)
             Began as a Demonspawn Gladiator on Mar 22, 2019.
             Was a Plaything of Xom.
             Slain by an ice beast (14 damage)
             ... on level 5 of the Dungeon.
             The game lasted 00:04:12 (3465 turns).

Voker57 the Slasher (Demonspawn Gladiator)          Turns: 3465, Time: 00:04:13

Health: -4/48      AC:  4    Str: 14    XL:     6   Next: 98%
Magic:  6/6        EV: 14    Int:  9    God:    Xom [.....*]
Gold:   216        SH:  0    Dex: 17    Spells: 5/5 levels left

rFire    . . .     SeeInvis .   a - +1 long sword
rCold    . . .     Gourm    .   (no shield)
rNeg     . . .     Faith    .   b - +1 leather armour
rPois    .         Spirit   .   (helmet restricted)
rElec    .         Reflect  .   (no cloak)
rCorr    .         Harm     .   (no gloves)
MR       .....     Clarity  +   (no boots)
Stlth    +.........             (no amulet)
HPRegen  0.16/turn              (no ring)
MPRegen  0.10/turn              (no ring)

@: no status effects
A: antennae 1, claws 1, hooves 1, clarity, demonic guardian 1, spiny 1,
MP-powered wands
a: Renounce Religion


You were on level 5 of the Dungeon.
You worshipped Xom.
You were Xom's teddy bear.
You were not hungry.

You visited 1 branch of the dungeon, and saw 5 of its levels.

You collected 216 gold pieces.

Inventory:

Hand Weapons
 a - a +1 long sword (weapon)
 g - a +2 mace of holy wrath
Missiles
 d - 3 throwing nets (quivered)
Armour
 b - a +1 leather armour (worn)
 c - a +0 helmet
Wands
 w - a wand of enslavement (2)
Scrolls
 i - 3 scrolls of teleportation
 j - 2 scrolls of remove curse
 l - 8 scrolls of identify
 m - a scroll of noise
 o - a scroll of enchant weapon
 p - a scroll of enchant armour
 q - 2 scrolls of magic mapping {unknown}
 r - a scroll of fog
Potions
 e - a potion of brilliance {unknown}
 h - a potion of magic {unknown}
 k - a potion of agility {unknown}
 n - a potion of resistance {unknown}
 s - 2 potions of curing {unknown}
 t - 2 potions of mutation {unknown}
 u - a potion of experience {unknown}
 v - a potion of might {unknown}
Comestibles
 f - 6 rations


   Skills:
 + Level 4.0 Fighting
 * Level 5.4 Long Blades
 - Level 1.7 Throwing
 + Level 4.2 Dodging


You had 5 spell levels left.
You didn't know any spells.
Your spell library contained the following spells:

 Spells                   Type           Power        Failure   Level  Hunger
 Shock                    Conj/Air       #...         45%         1    ##.....
 Swiftness                Chrm/Air       #.......     61%         2    ###....
 Static Discharge         Conj/Air       #.......     83%         3    ####...
 Airstrike                Air            #.........   99%         4    #####..
 Lightning Bolt           Conj/Air       #.........   100%        5    ######.


Dungeon Overview and Level Annotations

Branches:
Dungeon (5/15)             Temple (0/1) D:5

Altars:
Dithmenos
Makhleb
Xom

Shops:
D:4 ?


Innate Abilities, Weirdness & Mutations

You have a pair of small antennae on your head.
You have large cloven feet.
A weak demonic guardian rushes to your aid.
You are partially covered in sharp spines.
You have sharp fingernails.
You possess an exceptional clarity of mind.
You expend magic power (3 MP) to strengthen your wands.


Message History

The ice beast is heavily wounded.
The ice beast is struck by your spines.
The ice beast hits you but does no damage.
You hit the ice beast.
The ice beast is severely wounded.
The ice beast is struck by your spines. The ice beast hits you.
The ice beast freezes you.
You closely miss the ice beast.
The ice beast is almost dead.
The ice beast hits you. The ice beast freezes you!
The ice beast barely misses you.
You closely miss the ice beast. You kick the ice beast.
The ice beast is almost dead.
The ice beast hits you. The ice beast freezes you!
* * * LOW HITPOINT WARNING * * *
You hit the ice beast but do no damage.
The ice beast is almost dead.
The ice beast hits you.
* * * LOW HITPOINT WARNING * * *
The ice beast freezes you!
You die...

#...............#
#.###.##..........
....#.##....#...#.
#.#.............#
#.###.##........[.
#.....##......###.
#...#......#### #
....####.### ##
>## #...# #.#
#Y###.# ##.## ...
#@#..# #.# ..
##5#.# ##.# ###.#
...# #.# .### #.#
.# #.# .####
####.# ....#
#....# .##.#
##########.####
.##.###.......##.#


You could see an ice beast and a friendly quasit.

Vanquished Creatures
  An ogre (D:4)
  A bullfrog zombie (D:5)
  A crimson imp (D:5)
  An orc wizard (D:3)
  2 worker ants (D:4)
  6 adders
  2 oozes (D:1)
  2 worms (D:3)
  5 dart slugs
  A leopard gecko (D:2)
  3 orcs (D:3)
  6 giant cockroaches
  11 hobgoblins
  13 jackals
  A quokka (D:2)
  2 ball pythons (D:2)
  3 bats
  7 frilled lizards
  5 goblins
  A jackal skeleton (D:4)
  10 kobolds
  A quokka skeleton (D:4)
  7 rats
92 creatures vanquished.

Vanquished Creatures (collateral kills)
  An ogre (D:4)
  A worker ant (D:4)
  Ijyb (D:4)
  An orc (D:3)
4 creatures vanquished.

Grand Total: 96 creatures vanquished

Notes
Turn   | Place    | Note
-------+----------+-------------------------------------------
     0 | D:1      | Voker57 the Demonspawn Gladiator began the quest for the
                  | Orb.
     0 | D:1      | Reached XP level 1. HP: 16/16 MP: 1/1
   102 | D:1      | Reached skill level 3 in Long Blades
   102 | D:1      | Gained mutation: You have large cloven feet. [demonic
                  | ancestry]
   102 | D:1      | Reached XP level 2. HP: 15/22 MP: 2/2
   608 | D:1      | Reached XP level 3. HP: 24/28 MP: 3/3
  1282 | D:2      | Gained mutation: A weak demonic guardian rushes to your
                  | aid. [demonic ancestry]
  1282 | D:2      | Reached XP level 4. HP: 29/34 MP: 4/4
  1699 | D:3      | Reached skill level 4 in Long Blades
  2051 | D:3      | Gained mutation: You are partially covered in sharp spines.
                  | [demonic ancestry]
  2051 | D:3      | Reached XP level 5. HP: 18/41 MP: 5/5
  2363 | D:3      | Found a faded altar of an unknown god.
  2374 | D:3      | Became a worshipper of Xom of Chaos
  2375 | D:3      | oh god
  2447 | D:4      | Found Enuimuh's Magic Scroll Emporium.
  2515 | D:4      | Found a sand-covered staircase.
  2549 | D:4      | XOM: divination: detect items
  2647 | D:4      | XOM: enchant monster (bad)
  2653 | D:4      | XOM: 1-stop teleportation journey
  2818 | D:4      | Found a burning altar of Makhleb.
  2818 | D:4      | Noticed a cacodemon
  2885 | D:4      | Noticed Ijyb
  2891 | D:4      | XOM: fog
  2895 | D:4      | XOM: 2-stop teleportation journey
  2941 | D:4      | XOM: give mutations
  2941 | D:4      | Gained mutation: You have sharp fingernails. [Xom's grace]
  2941 | D:4      | Gained mutation: You expend magic power (3 MP) to
                  | strengthen your wands. [Xom's grace]
  2941 | D:4      | Gained mutation: You possess an exceptional clarity of
                  | mind. [Xom's grace]
  2949 | D:4      | Noticed an ogre
  2956 | D:4      | Killed an ogre
  2956 | D:4      | Gained mutation: You have a pair of small antennae on your
                  | head. [demonic ancestry]
  2956 | D:4      | Reached XP level 6. HP: 34/47 MP: 6/6
  2963 | D:4      | Killed Ijyb
  2963 | D:4      | Reached skill level 5 in Long Blades
  3055 | D:4      | XOM: divination: magic mapping
  3075 | D:4      | Found a shadowy altar of Dithmenos.
  3187 | D:5      | Entered Level 5 of the Dungeon
  3197 | D:5      | Found a staircase to the Ecumenical Temple.
  3459 | D:5      | Noticed an ice beast
  3465 | D:5      | Slain by an ice beast

Levels and vault maps discovered:
D:1:      co_arrival_square_in_a_square_in_a_square, layout_loops_ring,
          chequers_arboretum, st_stairs_9, minmay_splitting_lines
D:2:      layout_rooms, chequers_serial_rivers_micro_d, minmay_cut_off
D:3:      layout_rooms, chequers_ecumenical_altar_simple_redux, first_ration,
          corexii_shack
D:4:      layout_gridville, makhleb_altar_promises_db,
          grunt_dithmenos_smoke_and_mirrors,
          nicolae_ossuary_entry_false_entrances, serial_shops,
          nicolae_shop_crystal, serial_bayou_pond_a, uniq_ijyb
D:5:      layout_loops_cross, minmay_temple_entry_statues,
          nicolae_ru_path_of_blood

Skill      XL: |  1  2  3  4  5  6 |
---------------+-------------------+-----
Long Blades    | 3 4 5 |  5.4
Dodging        | 3 4 |  4.2
Fighting       | 3 4 |  4.0
Throwing       | |  1.7

Action                   |  1- 3 |  4- 6 || total
-------------------------+-------+-------++-------
Melee: Long sword        |   104 |   113 ||   217
       Kick              |    31 |    50 ||    81
Throw: Throwing net      |       |     2 ||     2
  Use: Scroll            |       |     7 ||     7
 Stab: Distracted        |       |     1 ||     1
  Eat: Chunk             |     1 |     4 ||     5
       Ration            |       |     1 ||     1
Armor: Leather armour    |    31 |    32 ||    63
Dodge: Dodged            |    65 |    73 ||   138
       Rpst.: Long sword |    20 |    23 ||    43

Table legend:
 A = Non-vault XP
 B = Vault XP
 C = Vault XP percentage of total XP
 D = Non-vault monster count
 E = Vault monster count
 F = Vault count percentage of total count
                 A         B        C        D         E       F
            +---------+---------+-------+---------+---------+-------
      Total |     687 |      42 |   5.8 |      89 |       7 |   7.3
            +---------+---------+-------+---------+---------+-------
        D:1 |      58 |       6 |   9.4 |      28 |       3 |   9.7
        D:2 |      40 |       5 |  11.1 |      21 |       2 |   8.7
        D:3 |     110 |       2 |   1.8 |      22 |       1 |   4.3
        D:4 |     367 |      29 |   7.3 |      14 |       1 |   6.7
        D:5 |     112 |       0 |   0.0 |       4 |       0 |   0.0
            +---------+---------+-------+---------+---------+-------
